 Dungeon Crawl Stone Soup version 0.29.1-15-g9cfb28693d (webtiles) character file.

Game seed: 8377052934530322887

83 Eitelfritz the Magician (level 4, -10/31 HPs)
             Began as a Demonspawn Hedge Wizard on Mar 9, 2023.
             Killed by divine providence
             ... invoked by an orc priest
              (14 damage)
             ... on level 3 of the Dungeon.
             The game lasted 00:08:07 (2689 turns).

Eitelfritz the Magician (Demonspawn Hedge Wizard)   Turns: 2689, Time: 00:08:08

Health: -10/31     AC:  6    Str: 10    XL:     4   Next: 22%
Magic:  6/9        EV: 12    Int: 17    God:
Gold:   19         SH:  0    Dex: 13    Spells: 4/10 levels left

rFire   . . .      SeeInvis .   a - +2 short sword of Fedhas's Pride {spect, rC++ rCorr}
rCold   + + .      Faith    .   (no shield)
rNeg    . . .      Spirit   .   b - +0 robe
rPois   .          Reflect  .   c - +0 hat
rElec   .          Harm     .   p - scarf {repulsion}
rCorr   +          Rampage  .   g - +1 pair of gloves
Will    .....                   (no boots)
Stlth   ++........              (no amulet)
HPRegen 0.10/turn               e - ring of wizardry
MPRegen 0.11/turn               (no ring)

@: repel missiles
A: thin metallic scales 1, demonic guardian 1, powered by pain 1
a: no special abilities


You were on level 3 of the Dungeon.
You visited 1 branch of the dungeon, and saw 3 of its levels.

You collected 105 gold pieces.
You spent 86 gold pieces at shops.

Inventory:

Hand Weapons
 a - the +2 short sword of Fedhas's Pride (weapon) {spect, rC++ rCorr}
   (You found it on level 2 of the Dungeon)

   When its wielder attacks, the weapon's spirit leaps out and strikes again.
   The spirit shares a part of any damage it takes with its wielder.
   rC:        It greatly protects you from cold.
   rCorr:     It protects you from acid and corrosion.
 h - a +0 dagger
 t - a +0 short sword
Armour
 b - a +0 robe (worn)
 c - a +0 hat (worn)
 f - an orb of mayhem
 g - a +1 pair of gloves (worn)
 m - a +0 cloak
 p - a scarf of repulsion (worn)
Jewellery
 e - a ring of wizardry (left hand)
Scrolls
 j - a scroll of poison {unknown}
 k - 3 scrolls of identify {unknown}
 l - a scroll of fear {unknown}
 o - a scroll of summoning {unknown}
 r - a scroll of blinking {unknown}
 s - a scroll of noise {unknown}
 w - a scroll of enchant armour {unknown}
 x - a scroll of teleportation {unknown}
Potions
 d - a potion of magic
 i - 6 potions of curing {unknown}
 n - 2 potions of attraction {unknown}
 q - a potion of haste {unknown}
 u - a potion of heal wounds {unknown}
 v - a potion of cancellation {unknown}


   Skills:
 + Level 0.6 Fighting
 + Level 1.0 Short Blades
 + Level 2.1 Dodging
 + Level 2.0 Stealth
 + Level 3.8 Spellcasting
 + Level 2.0 Conjurations
 + Level 0.5 Hexes
 + Level 1.0 Summonings
 + Level 0.8 Translocations


You had 4 spell levels left.
You knew the following spells:

 Your Spells              Type           Power      Damage    Failure   Level
a - Magic Dart            Conj           40%        1d5       2%          1
b - Slow                  Hex            20%        N/A       5%          1
c - Blink                 Tloc           12%        N/A       7%          2
d - Call Imp              Summ           6%         N/A       6%          2

Your spell library contained the following spells:

 Spells                   Type           Power      Damage    Failure   Level
 Conjure Flame            Conj/Fire      6%         6-21      13%         3
 Mephitic Cloud           Conj/Pois/Air  5%         N/A       16%         3


Dungeon Overview and Level Annotations

Branches:
Dungeon (3/15)

Altars:
Fedhas

Shops:
D:2 *


Innate Abilities, Weirdness & Mutations

You are partially covered in thin metallic scales. (AC +2)
A weak demonic guardian rushes to your aid.
You sometimes gain a little power by taking damage.


Message History

g - Guard the area. f - Follow me.
Anything else - Cancel.
Gang up on whom?
Press: ? - help, Dir - move target, f - orc
Aim: an orc, wielding a +0 hand axe and wearing a +0 ring mail (moderately wounded, ally target) Attack!
The orc misses your quasit.
Your quasit bites the orc but does no damage.
Your quasit barely misses the orc.
Your quasit claws the orc but does no damage.
Your crimson imp hits the orc but does no damage.
Your quasit bites the orc.
Your quasit claws the orc but does no damage.
Your quasit closely misses the orc.
What are your orders? t - Shout!
Orders for allies: a - Attack new target. p - Attack previous target. r - Retreat! s - Stop attacking. g - Guard the area. f - Follow me.
Anything else - Cancel.
Gang up on whom?
Press: ? - help, Dir - move target, f - orc priest, p - orc
Aim: an orc priest, wielding a +0 flail and wearing a +0 leather armour Attack!
Your quasit bites the orc but does no damage.
Your quasit claws the orc.
Your quasit claws the orc but does no damage.
Your crimson imp blinks!
The orc priest hits your quasit with a +0 flail.
The orc completely misses your quasit. The orc hits you with a +0 hand axe.
* * * LOW HITPOINT WARNING * * *
A demonic guardian appears!
You closely miss the orc.
The orc is severely wounded.
Your +2 short sword of Fedhas's Pride {spect, rC++ rCorr} hits the orc.
Your quasit barely misses the orc priest.
Your quasit closely misses the orc priest.
Your quasit barely misses the orc priest.
The orc priest invokes the aid of Beogh against you.
Beogh smites you!
You die...

#. #.#...# #. ...#
#.####.#...## #.####..#
...........)# ###....#..#
.....#.#...# #......#..#
#....#.#...####......#..#
.....[.......5..._...)..#
#..<.......# #.....o###)#
...........# #..(o5.# #.#
#.#.##.#...#.#..@.### #5#
#......#...#.####5# #o#
#.#.##.#...#......# #.#
#.#....#...###.#..#####o#
.[.....#...........5....#
#.#........###.##########
#........#.###.#
##.###.#.....#.#
#.##...##.#.#.#


You could see an orc priest (ally target), an orc (distracted, ally target), a
friendly +2 short sword of Fedhas's Pride {spect, rC++ rCorr} (summoned), 2
friendly quasits and a friendly crimson imp (summoned).

Vanquished Creatures
  2 adders (D:2)
  3 dart slugs (D:1)
  2 orcs (D:3)
  6 ball pythons
  4 bats
  3 endoplasms (D:2)
  4 giant cockroaches
  2 hobgoblins
  7 kobolds
  3 quokkas
  13 frilled lizards
  5 goblins (D:2)
  7 rats
61 creatures vanquished.

Vanquished Creatures (others)
  5 plants (D:2)
5 creatures vanquished.

Grand Total: 66 creatures vanquished

Notes
Turn   | Place    | Note
-------+----------+-------------------------------------------
     0 | D:1      | Eitelfritz the Demonspawn Hedge Wizard began the quest for
                  | the Orb.
     0 | D:1      | Reached XP level 1. HP: 13/13 MP: 4/4
   147 | D:1      | Learned a level 1 spell: Slow
   615 | D:1      | Gained mutation: You are partially covered in thin metallic
                  | scales. (AC +2) [demonic ancestry]
   615 | D:1      | Reached XP level 2. HP: 11/20 MP: 4/6
   618 | D:1      | Learned a level 2 spell: Blink
   621 | D:1      | Learned a level 2 spell: Call Imp
  1449 | D:2      | Found a faded altar of an unknown god.
  1522 | D:2      | Reached skill level 1 in Short Blades
  1522 | D:2      | Gained mutation: You sometimes gain a little power by
                  | taking damage. [demonic ancestry]
  1522 | D:2      | Reached XP level 3. HP: 25/25 MP: 5/7
  1767 | D:2      | Found Veikloeg's Assorted Antiques.
  1822 | D:2      | Bought a silvery potion for 20 gold pieces
  1822 | D:2      | Bought a lumpy golden potion for 20 gold pieces
  1822 | D:2      | Bought a scroll labelled FEL HOTURPHANO for 23 gold pieces
  1873 | D:2      | Identified the +2 short sword of Fedhas's Pride {spect,
                  | rC++ rCorr}
  2336 | D:2      | Gained mutation: A weak demonic guardian rushes to your
                  | aid. [demonic ancestry]
  2336 | D:2      | Reached XP level 4. HP: 23/31 MP: 5/9
  2569 | D:2      | Bought a scroll labelled QEMAECL YHICW for 23 gold pieces
  2595 | D:3      | Identified the +2 robe of Hoisuamp {Dex+4}
  2635 | D:3      | Found a blossoming altar of Fedhas.
  2689 | D:3      | Killed from afar by an orc priest

Illustrated notes

Levels and vault maps discovered:
D:1:      kennysheep_arrival_forest, layout_loops_ring
D:2:      minmay_diamond_boxcup, layout_rooms, ebering_ecumenical_altar_webs,
          serial_shops, nicolae_shop_overgrown_old_shop, nrook_mini_vaults,
          minmay_lizard_king
D:3:      layout_basic, mainiacjoe_overflow_tiny_flanked,
          nicolae_overflow_crystal_walls, uniq_jessica

Skill      XL: |  1  2  3  4 |
---------------+-------------+-----
Dodging        | 2 |  2.1
Stealth        | 2 |  2.0
Short Blades   | 1 |  1.0
Conjurations   | 2 |  2.0
Fighting       | |  0.6
Spellcasting   | |  3.8
Hexes          | |  0.5
Summonings     | |  1.0
Translocations | |  0.8

Action                   |  1- 3 |  4- 6 || total
-------------------------+-------+-------++-------
Melee: Short sword       |    31 |    23 ||    54
       Dagger            |    10 |       ||    10
 Cast: Magic Dart        |    88 |    14 ||   102
       Slow              |     5 |       ||     5
       Call Imp          |       |     1 ||     1
 Stab: Sleeping          |     1 |     1 ||     2
Armor: Robe              |     8 |     9 ||    17
Dodge: Dodged            |    33 |    10 ||    43
